 Dungeon Crawl Stone Soup version 0.30-a0-652-gcc886f7154 (webtiles) character file.

Game seed: 9975731670660242822

98 bmack86 the Trooper (level 4, -2/41 HPs)
             Began as a Minotaur Fighter on Jan 18, 2023.
             Slain by Dittersdorf's ghost (7 damage)
             ... on level 3 of the Dungeon.
             The game lasted 00:03:48 (1736 turns).

bmack86 the Trooper (Minotaur Fighter)              Turns: 1736, Time: 00:03:49

Health: -2/41      AC:  9    Str: 22    XL:     4   Next: 43%
Magic:  3/3        EV:  7    Int:  5    God:
Gold:   57         SH:  4    Dex: 10    Spells: 3/3 levels left

rFire   . . .      SeeInvis .    a - +1 war axe
rCold   . . .      Faith    .    c - +0 buckler
rNeg    . . .      Spirit   .    e - +0 chain mail
rPois   .          Reflect  .    (helmet restricted)
rElec   .          Harm     .    (no cloak)
rCorr   .          Rampage  .    (no gloves)
Will    .....                    (no boots) Stlth
                                 (no amulet)
HPRegen 0.26/turn                (no ring)
MPRegen 0.08/turn                (no ring)

@: no status effects
A: horns 2, retaliatory headbutt
a: no special abilities


You were on level 3 of the Dungeon.
You visited 1 branch of the dungeon, and saw 3 of its levels.

You collected 57 gold pieces.

Inventory:

Hand Weapons
 a - a +1 war axe (weapon)
Armour
 c - a +0 buckler (worn)
 e - a +0 chain mail (worn)
Scrolls
 b - a scroll of butterflies {unknown}
 g - a scroll of enchant weapon
 h - a scroll of teleportation {unknown}
 i - a scroll of amnesia {unknown}
 k - a scroll of vulnerability {unknown}
Potions
 d - 3 potions of might
 f - a potion of cancellation
 l - a potion of flight
 m - a potion of brilliance {unknown}
 n - a potion of mutation {unknown}
 o - 2 potions of curing {unknown}


   Skills:
 + Level 4.3 Fighting
 * Level 4.1 Axes
 + Level 4.3 Armour
 + Level 4.2 Shields


You had 3 spell levels left.
You didn't know any spells.
Your spell library contained the following spells:

 Spells                   Type           Power      Damage    Failure   Level
 Freeze                   Ice            0%         1d3       99%         1
 Dazzling Flash           Conj/Hex       0%         N/A       100%        3
 Frozen Ramparts          Ice            0%         1d1       100%        3
 Hailstorm                Conj/Ice       0%         3d3       100%        3
 Ignite Poison            Fire/Tmut/Pois 0%         N/A       100%        3
 Kindle Blastsparks       Fire/Tloc/Air  0%         2d10      100%        3
 Iskenderun's Mystic Bla  Conj/Tloc      0%         2d3       100%        4
 Freezing Cloud           Conj/Ice/Air   0%         6-21      100%        5
 Starburst                Conj/Fire      0%         6d3       100%        6


Dungeon Overview and Level Annotations

Branches:
Dungeon (3/15)

Altars:

Annotations:
D:3 Dittersdorf's ghost, amateur GrFi


Innate Abilities, Weirdness & Mutations

You have a pair of horns on your head.
You reflexively headbutt those who attack you in melee.


Message History

Found a chain mail.
Found an escape hatch in the floor.
You open the door. You barely miss the adder. You headbutt the adder.
The adder is heavily wounded.
The adder bites you but does no damage. x2
You hit the adder.
The adder is severely wounded.
The adder bites you but does no damage. The adder bites you.
You are poisoned.
The adder poisons you!
You slash the adder!
You kill the adder!
You feel very sick.
You completely miss Dittersdorf's ghost.
You feel sick. Dittersdorf's ghost closely misses you.
You barely miss Dittersdorf's ghost. You headbutt Dittersdorf's ghost.
Dittersdorf's ghost is lightly damaged.
You feel sick. Dittersdorf's ghost hits you.
Dittersdorf's ghost hits you but does no damage.
You closely miss Dittersdorf's ghost.
Dittersdorf's ghost is lightly damaged.
You feel sick. You block Dittersdorf's ghost's attack.
You barely miss Dittersdorf's ghost. You headbutt Dittersdorf's ghost!
Dittersdorf's ghost is moderately damaged.
You feel sick.
You are no longer poisoned.
Dittersdorf's ghost whispers, "There is no future for you."
Dittersdorf's ghost hits you! x2
* * * LOW HITPOINT WARNING * * *
You closely miss Dittersdorf's ghost. You headbutt Dittersdorf's ghost.
Dittersdorf's ghost is moderately damaged.
Dittersdorf's ghost hits you but does no damage.
You completely miss Dittersdorf's ghost.
Dittersdorf's ghost is moderately damaged.
Dittersdorf's ghost hits you.
* * * LOW HITPOINT WARNING * * *
You hit Dittersdorf's ghost.
Dittersdorf's ghost is heavily damaged.
Dittersdorf's ghost hits you!
You die...

.# ># #######.#
#.....#.######
#.....#.......
#...........
#......#######
#####.....@W~~~~[~
.......)...#######
#####.............
#...)...........
#.########......
#.#....# ......
#########.#.##.#
######
.............#.#
##.######.#..#.#


You could see Dittersdorf's ghost.

Vanquished Creatures
  Jessica (D:2)
  3 adders
  A dart slug (D:2)
  5 ball pythons
  6 bats
  4 endoplasms
  A giant cockroach (D:1)
  4 goblins
  2 hobgoblins
  3 jackals (D:2)
  3 quokkas
  A frilled lizard (D:2)
  4 kobolds
  3 rats
41 creatures vanquished.

Notes
Turn   | Place    | Note
-------+----------+-------------------------------------------
     0 | D:1      | bmack86 the Minotaur Fighter began the quest for the Orb.
     0 | D:1      | Reached XP level 1. HP: 19/19 MP: 0/0
    93 | D:1      | Reached XP level 2. HP: 27/27 MP: 1/1
   683 | D:2      | Identified the +0 sling "Impbane" {speed, rCorr}
   789 | D:2      | Noticed Jessica
   791 | D:2      | Killed Jessica
   792 | D:2      | Reached XP level 3. HP: 33/33 MP: 2/2
  1044 | D:2      | Reached XP level 4. HP: 32/40 MP: 3/3
  1712 | D:3      | Found a runed translucent door.
  1717 | D:3      | Noticed Dittersdorf's ghost (amateur GrFi)
  1736 | D:3      | Slain by Dittersdorf's ghost

Illustrated notes

Levels and vault maps discovered:
D:1:      shiori_shiawase, layout_basic
D:2:      layout_basic, roderic_roman_lattice, grunt_decor_resistance,
          kennysheep_generic_room_8, uniq_jessica
D:3:      minmay_skewed_foursquare, layout_basic, ebering_ghost_sewer_d

Skill      XL: |  1  2  3  4 |
---------------+-------------+-----
Axes           | 3 4 |  4.1
Fighting       | 4 |  4.3
Armour         | 4 |  4.3
Shields        | 4 |  4.2

Action                   |  1- 3 |  4- 6 || total
-------------------------+-------+-------++-------
Melee: War axe           |    46 |    32 ||    78
       Headbutt          |     3 |     8 ||    11
  Use: Scroll            |       |     3 ||     3
Armor: Chain mail        |    43 |    23 ||    66
Dodge: Dodged            |    27 |     6 ||    33
Block: Buckler           |    14 |     5 ||    19

Table legend: (Time is in decaauts)
 A = Elapsed time spent in this place.
 B = Non-inter-level travel time spent in this place.
 C = Inter-level travel time spent in this place.
 D = Time resting spent in this place.
 E = Time spent auto-exploring this place.
 F = Levels seen in this place.
 G = Mean time per level.
                   A        B        C        D        E       F      G
               +--------+--------+--------+--------+--------+-----+--------+
         Total |   1764 |   1718 |     46 |      0 |   1345 |   3 |  588.0 |
       Dungeon |   1764 |   1718 |     46 |      0 |   1345 |   3 |  588.0 |
               +--------+--------+--------+--------+--------+-----+--------+

Top non-repeatable levels by time:
     D:2: 1014 daAuts
     D:1: 662 daAuts
     D:3: 86 daAuts
